 Dungeon Crawl Stone Soup version 0.18-a0-952-g309898a (webtiles) character file.

32 Duffy the Magician (level 3, 0/17 HPs)
             Began as a Vine Stalker Wizard on Dec 31, 2015.
             Slain by a hobgoblin (1 damage)
             ... on level 1 of the Dungeon.
             The game lasted 00:01:09 (835 turns).

Duffy the Magician (Vine Stalker Wizard)             Turns: 835, Time: 00:01:10

Health: 0/17       AC:  2    Str:  9    XL:     3   Next: 25%
Magic:  0/9        EV: 12    Int: 19    God:
Gold:   32         SH:  0    Dex: 12    Spells: 1 memorised, 8 levels left

rFire  . . .     SeeInvis .     j - +0 dagger
rCold  . . .     Gourm    .     a - +0 robe
rNeg   . . .     Faith    .     (no shield)
rPois  .         Spirit   +     b - +0 hat
rElec  .         Dismiss  .     (no cloak)
rCorr  .         Reflect  .     (no gloves)
SustAt .         Harm     .     (no boots)
MR     .....                    (no amulet)
Stlth  ++........               (no ring)
                                (no ring)

@: not resistant to hostile enchantments, unstealthy
A: fangs 2, regeneration 1, magic shield, antimagic bite, no device heal 3, rot
immunity
a: no special abilities


You were on level 1 of the Dungeon.
You were not hungry.

You visited 1 branch of the dungeon, and saw 1 of its levels.

You collected 32 gold pieces.


Innate Abilities, Weirdness & Mutations

You have extremely sharp teeth.
Your natural rate of healing is unusually fast.
When hurt, damage is shared between your health and your magic reserves.
Your bite disrupts and absorbs the magic of your enemies.
Potions and wands cannot restore your health.
You are immune to rotting.


   Skills:
 + Level 0.8 Fighting
 - Level 1.5 Dodging
 - Level 2.4 Stealth
 + Level 3.5 Spellcasting
 * Level 2.4 Conjurations
   Level 1.0 Summonings
   Level 1.0 Translocations


You had 8 spell levels left.
You knew the following spells:

 Your Spells              Type           Power        Failure   Level  Hunger
a - Magic Dart            Conj           ##..         8%          1    None

Inventory:

Hand Weapons
 j - a +0 dagger (weapon)
Armour
 a - a +0 robe (worn)
 b - a +0 hat (worn)
Scrolls
 e - 2 scrolls of remove curse {unknown}
 i - a scroll of random uselessness {unknown}
 m - a scroll of amnesia {unknown}
Potions
 h - a potion of lignification {unknown}
 k - 2 potions of degeneration {unknown}
 l - a potion of might {unknown}
Books
 c - a book of Minor Magic
Comestibles
 d - a bread ration
 f - a slice of pizza
 g - a meat ration

Dungeon Overview and Level Annotations

Branches:
Dungeon (1/15)

Altars:


Message History

You hit the hobgoblin but do no damage.
The hobgoblin is heavily wounded.
The hobgoblin hits you.
You hit the hobgoblin but do no damage.
You bite the hobgoblin, but do no damage.
The hobgoblin is heavily wounded.
The hobgoblin hits you but does no damage.
You closely miss the hobgoblin.
The hobgoblin is heavily wounded.
The hobgoblin closely misses you.
You hit the hobgoblin but do no damage.
The hobgoblin is heavily wounded.
The hobgoblin barely misses you.
You hit the hobgoblin.
The hobgoblin is severely wounded.
The hobgoblin hits you.
You closely miss the hobgoblin.
The hobgoblin is severely wounded.
The hobgoblin closely misses you.
You hit the hobgoblin but do no damage. Your bite misses the hobgoblin.
The hobgoblin is severely wounded.
The hobgoblin hits you.
You hit the hobgoblin but do no damage.
The hobgoblin is severely wounded.
The hobgoblin barely misses you.
You hit the hobgoblin but do no damage.
The hobgoblin is severely wounded.
The hobgoblin hits you.
Cast which spell? (? or * to list)
You don't have enough magic to cast that spell.
You closely miss the hobgoblin.
You bite the hobgoblin, but do no damage.
The hobgoblin is severely wounded.
The hobgoblin hits you.
You die...

#.....# #....?#
#.....##############
#.....##..>.........
..... ###..........
... ##......... #g#
#.%....... #@#
#......... #.# #
#......... #.###.
#......... #..# .
#......... ##.# #.
#......... .
###.###.##.........
#.#....##...######...
#.#....####.## #...#
#......####..####....


You could see a hobgoblin.

Action                   || total
-------------------------++-------
Melee: Dagger            ||    59
 Cast: Magic Dart        ||    44
 Stab: Sleeping          ||     1

Notes
Turn   | Place    | Note
--------------------------------------------------------------
     0 | D:1      | Duffy the Vine Stalker Wizard began the quest for the Orb.
     0 | D:1      | Reached XP level 1. HP: 9/9 MP: 5/5
   181 | D:1      | Reached XP level 2. HP: 14/14 MP: 0/7
   628 | D:1      | Reached skill level 2 in Conjurations
   743 | D:1      | Reached XP level 3. HP: 17/17 MP: 9/9
   835 | D:1      | Slain by a hobgoblin

Vault maps used:
D:1:      dpeg_arrival_shrine, nemelex_diamond_rough_becter

Vanquished Creatures
  2 oozes
  4 bats
  4 giant cockroaches
  3 hobgoblins
  2 jackals
  A giant newt
  3 goblins
  3 kobolds
22 creatures vanquished.
